 Dungeon Crawl Stone Soup version 0.25.0-9-g26727b657a (webtiles) character file.

Game seed: 54052045591820853

135 Delamore the Cudgeler (level 5, -2/32 HPs)
             Began as a Gargoyle Fighter on June 17, 2020.
             Killed by divine providence
             ... invoked by an orc priest
              (12 damage)
             ... on level 4 of the Dungeon.
             The game lasted 00:04:05 (3526 turns).

Delamore the Cudgeler (Gargoyle Fighter)            Turns: 3526, Time: 00:04:06

Health: -2/32      AC: 10    Str: 26    XL:     5   Next: 18%
Magic:  5/5        EV:  8    Int:  9    God:
Gold:   208        SH:  9    Dex:  5    Spells: 4/4 levels left

rFire    . . .     SeeInvis .   s - +0 morningstar
rCold    . . .     Gourm    .   c - +0 kite shield
rNeg     + + +     Faith    .   x - +2 leather armour of Integrity {rN+++ Str+6 Dex-4}
rPois    ∞         Spirit   .   u - +0 helmet
rElec    +         Reflect  .   (no cloak)
rCorr    .         Harm     .   (no gloves)
MR       +....                  (no boots)
Stlth    +.........             (no amulet)
HPRegen  0.10/turn              k - ring of protection from magic
MPRegen  0.09/turn              (no ring)

@: no status effects
A: negative energy resistance 1, electricity resistance, unbreathing,
petrification resistance, rot immunity, AC +4
a: no special abilities


You were on level 4 of the Dungeon.
You were not hungry.

You visited 1 branch of the dungeon, and saw 4 of its levels.

You collected 208 gold pieces.

Inventory:

Hand Weapons
 a - a +0 flail
 s - a +0 morningstar (weapon)
Armour
 b - a +0 scale mail
 c - a +0 kite shield (worn)
 u - a +0 helmet (worn)
 v - a +1 scale mail of positive energy
 x - the +2 leather armour of Integrity (worn) {rN+++ Str+6 Dex-4}
   (You found it on level 4 of the Dungeon)

   It affects your strength (+6).
   It affects your dexterity (-4).
   It renders you almost immune to negative energy.
Jewellery
 k - a ring of protection from magic (left hand)
Scrolls
 j - 2 scrolls of immolation {unknown}
 l - 2 scrolls of remove curse {unknown}
 m - 5 scrolls of identify {unknown}
 p - 3 scrolls of teleportation {unknown}
 r - a scroll of blinking {unknown}
 t - a scroll of fear {unknown}
Potions
 d - a potion of might
 e - 2 potions of stabbing {unknown}
 g - a potion of invisibility {unknown}
 h - a potion of lignification {unknown}
 i - a potion of curing {unknown}
 n - 2 potions of berserk rage {unknown}
 o - a potion of magic {unknown}
 q - a potion of resistance {unknown}
 w - a potion of heal wounds {unknown}
Comestibles
 f - 4 rations
 z - 3 chunks of flesh


   Skills:
 - Level 3.2 Fighting
 + Level 5.2 Maces & Flails
 - Level 3.2 Armour
 - Level 3.2 Shields


You had 4 spell levels left.
You didn't know any spells.
Your spell library was empty.

Dungeon Overview and Level Annotations

Branches:
Dungeon (4/15)
 Temple: D:4-7

Altars:
Gozag
Uskayaw

Annotations:
D:3 Blork the orc


Innate Abilities, Weirdness & Mutations

You are resistant to torment.
Your stone body is resilient. (AC +4)
You are immune to poison.
You resist negative energy. (rN+)
You are resistant to electric shocks. (rElec)
You can survive without breathing.
You are immune to petrification.
You are immune to rotting.


Message History

You closely miss the orc wizard.
The orc priest shouts!
The orc wizard hits you but does no damage.
You block the orc's attack. You block the orc wizard's attack.
You barely miss the orc wizard.
The orc wizard hits you but does no damage.
The orc barely misses you. You block the orc wizard's attack.
The orc barely misses you.
You barely miss the orc wizard. You block the orc wizard's attack.
The orc priest barely misses you. You block the orc's attack.
The orc wizard points at you and mumbles some strange words.
The magic dart hits you but does no damage.
The orc priest hits you but does no damage.
You miss the orc wizard.
The orc wizard gestures at you while chanting.
The magic dart hits you! You block the orc's attack.
You block the orc wizard's attack.
The orc priest mumbles some strange prayers to Beogh against you.
Beogh smites you!
You die...

## .# .# #. .#
##.##############o#
...............@o#
##..#####.#####.o##
....# #.# #..#
.##.#####.### #..#
............# #..#
..........#.# #..#
............# #..#
..#.#######.# #.?#
..#.# .# #..#


You could see an orc priest, an orc wizard (fast) and an orc.

Vanquished Creatures
  A worker ant (D:4)
  3 gnolls (D:2)
  2 adders (D:3)
  2 worms
  A dart slug (D:3)
  3 leopard geckos (D:3)
  7 orcs
  4 bats
  2 giant cockroaches
  2 goblins
  5 hobgoblins
  7 kobolds
  A quokka (D:2)
  5 frilled lizards
  3 rats
48 creatures vanquished.

Notes
Turn   | Place    | Note
-------+----------+-------------------------------------------
     0 | D:1      | Delamore the Gargoyle Fighter began the quest for the Orb.
     0 | D:1      | Reached XP level 1. HP: 14/14 MP: 1/1
   163 | D:1      | Reached XP level 2. HP: 19/19 MP: 2/2
   395 | D:1      | Reached skill level 3 in Maces & Flails
   990 | D:2      | Found a hide-covered altar of Uskayaw.
  1020 | D:2      | Reached XP level 3. HP: 23/23 MP: 3/3
  1163 | D:2      | Reached skill level 4 in Maces & Flails
  1412 | D:2      | HP: 1/23 [gnoll/+0 spear (6)]
  1413 | D:2      | Reached XP level 4. HP: 1/28 MP: 4/4
  2697 | D:3      | Noticed Blork the orc
  2987 | D:3      | Found an opulent altar of Gozag.
  3412 | D:4      | Noticed an ogre
  3453 | D:4      | Reached skill level 5 in Maces & Flails
  3453 | D:4      | Reached XP level 5. HP: 32/32 MP: 5/5
  3459 | D:4      | Got an ichor-stained leather armour
  3470 | D:4      | Identified the +2 leather armour of Integrity {rN+++ Str+6
                  | Dex-4} (You found it on level 4 of the Dungeon)
  3526 | D:4      | Killed from afar by an orc priest

Illustrated notes

Levels and vault maps discovered:
D:1:      lightli_molten_gateway, layout_loops_cross
D:2:      layout_basic, nicolae_overflow_hidden_temple,
          kennysheep_generic_room_8
D:3:      layout_basic, tgw_sif, grunt_gozag_breadcrumbs, minivault_11,
          moated_statue
D:4:      layout_loops_ring, grunt_temple_overflow_open, first_ration,
          nicolae_underground_beach, uniq_ijyb

Skill      XL: |  1  2  3  4 |
---------------+-------------+-----
Maces & Flails | 3 4 5 |  5.2
Fighting       | |  3.2
Armour         | |  3.2
Shields        | |  3.2

Action                   |  1- 3 |  4- 6 || total
-------------------------+-------+-------++-------
Melee: Flail             |   121 |    65 ||   186
       Morningstar       |       |    39 ||    39
  Eat: Chunk             |     2 |     3 ||     5
       Ration            |       |     1 ||     1
Armor: Scale mail        |    61 |    39 ||   100
       Leather armour    |       |    12 ||    12
Dodge: Dodged            |    29 |    34 ||    63
Block: Kite shield       |    76 |    53 ||   129
